 Seeded DCSS version 0.27.1-3-gb3d3a73c9e (webtiles) character file.

Game seed: 20211020 (custom seed)

4 jessy the Magician (level 1, 0/16 HPs)
             Began as a Troll Hedge Wizard on Oct 20, 2021.
             Frozen to death by an endoplasm (3 damage)
             ... on level 1 of the Dungeon.
             The game lasted 00:01:24 (177 turns).

jessy the Magician (Troll Hedge Wizard)              Turns: 177, Time: 00:01:26

Health: 0/16       AC:  4    Str: 17    XL:     1   Next: 50%
Magic:  2/2        EV:  9    Int: 10    God:
Gold:   30         SH:  0    Dex:  9    Spells: 3/4 levels left

rFire    . . .     SeeInvis .   a - +0 dagger
rCold    . . .     Faith    .   (no shield)
rNeg     . . .     Spirit   .   b - +0 robe
rPois    .         Reflect  .   c - +0 hat
rElec    .         Harm     .   (no cloak)
rCorr    .         Rampage  .   (gloves unavailable)
Will     .....                  (boots unavailable)
Stlth    +.........             (no amulet)
HPRegen  1.05/turn              (no ring)
MPRegen  0.08/turn              (no ring)

@: confused, ambrosia-drunk
A: large, unfitting armour, claws 3, regeneration 1, shaggy fur 1, tough skin 1
a: no special abilities


You were on level 1 of the Dungeon.
You visited 1 branch of the dungeon, and saw 1 of its levels.

You collected 30 gold pieces.

Inventory:

Hand Weapons
 a - a +0 dagger (weapon)
Missiles
 d - 26 stones (quivered)
Armour
 b - a +0 robe (worn)
 c - a +0 hat (worn)
Scrolls
 f - a scroll of silence {unknown}


   Skills:
 + Level 1.5 Dodging
 + Level 1.0 Stealth
 + Level 2.1 Spellcasting
 + Level 0.6 Conjurations
 + Level 0.6 Summonings
 + Level 0.6 Translocations


You had 3 spell levels left.
You knew the following spells:

 Your Spells              Type           Power      Damage    Failure   Level
a - Magic Dart            Conj           8%         1d3       24%         1

Your spell library contained the following spells:

 Spells                   Type           Power      Damage    Failure   Level
 Blink                    Tloc           N/A        N/A       36%         2
 Call Imp                 Summ           2%         N/A       36%         2
 Slow                     Hex            1%         N/A       43%         2
 Conjure Flame            Conj/Fire      1%         6-21      63%         3
 Mephitic Cloud           Conj/Pois/Air  1%         N/A       65%         3


Dungeon Overview and Level Annotations

Branches:
Dungeon (1/15)

Altars:


Innate Abilities, Weirdness & Mutations

You are too large for most types of armour.
You have claws for hands.
Your natural rate of healing is unusually fast.
You are covered in fur. (AC +1)
You have tough skin. (AC +1)


Message History

You see here a puce potion.
You barely miss the ball python. The bat hits you but does no damage.
The bat hits you.
The ball python bites you but does no damage.
The bat hits you but does no damage. The ball python barely misses you.
You see here 10 gold pieces.
You now have 30 gold pieces (gained 10).
The bat hits you but does no damage. The bat closely misses you.
The ball python bites you. The endoplasm freezes you.
You are frozen.
The quokka completely misses you.
There are no items here.
You closely miss the bat. The bat barely misses you.
The bat closely misses you. The ball python bites you.
The quokka barely misses you. The endoplasm barely misses you.
The ball python closely misses you.
You hit the endoplasm.
The endoplasm is severely wounded.
The bat hits you but does no damage. The quokka bites you.
The endoplasm hits you. The ball python barely misses you.
There are no items here.
Welcome back, jessy the Troll Hedge Wizard.
Game seed: 20211020 (custom seed) Press ? for a list of commands and other information.
You barely miss the endoplasm.
The endoplasm is severely wounded.
The quokka completely misses you. The ball python bites you.
* * * LOW HITPOINT WARNING * * *
The bat hits you but does no damage. The endoplasm freezes you.
You are frozen.
* * * LOW HITPOINT WARNING * * *
It was a potion of ambrosia.
You are confused.
You feel invigorated. The bat hits you but does no damage.
The quokka closely misses you. The ball python bites you.
* * * LOW HITPOINT WARNING * * *
The endoplasm freezes you.
You are frozen.
You die...

.. . # #.#.. .## # ....
..# # #....#.## #
#..#.#..## # #........
#...##b# # #...gr@#.#
#...#SJ..# ###.#.##.#
#############b.†...#.#.
#......................
#.###################..
......... #########


You could see an endoplasm, a quokka, a hobgoblin, a bat and a ball python.

Vanquished Creatures
  A giant cockroach (D:1)
  A hobgoblin (D:1)
  A frilled lizard (D:1)
  A rat (D:1)
4 creatures vanquished.

Notes
Turn   | Place    | Note
-------+----------+-------------------------------------------
     0 | D:1      | jessy the Troll Hedge Wizard began the quest for the Orb.
     0 | D:1      | Reached XP level 1. HP: 16/16 MP: 2/2
   177 | D:1      | Frozen to death by an endoplasm

Illustrated notes

Levels and vault maps discovered:
D:1:      minmay_arrival_split_and_join, layout_basic, minmay_domino_4

Action                   || total
-------------------------++-------
Melee: Dagger            ||    30
  Use: Potion            ||     1
Armor: Robe              ||    32
Dodge: Dodged            ||    38
